 Dungeon Crawl Stone Soup version 0.29-a0-550-g81e455f4c2 (webtiles) character file.

Game seed: 5406977611550909014

31 Lekart the Sneak (level 3, 0/31 HPs)
             Began as a Draconian Delver on June 5, 2022.
             Was an Initiate of Hepliaklqana.
             Slain by an ufetubus (2 damage)
             ... on level 5 of the Dungeon.
             The game lasted 00:01:04 (168 turns).

Lekart the Sneak (Draconian Delver)                  Turns: 168, Time: 00:01:05

Health: 0/31       AC:  5    Str: 14    XL:     3   Next: 7%
Magic:  3/3        EV: 12    Int: 10    God:    Hepliaklqana [......]
Gold:   16         SH:  0    Dex: 14    Spells: 2/2 levels left

rFire   . . .      SeeInvis .   a - +0 hand axe
rCold   . . .      Faith    .   (no shield)
rNeg    . . .      Spirit   .   (body armour unavailable)
rPois   .          Reflect  .   (helmet restricted)
rElec   .          Harm     .   (no cloak)
rCorr   .          Rampage  .   (no gloves)
Will    .....                   (no boots)
Stlth   +++.......              (no amulet)
HPRegen 0.10/turn               (no ring)
MPRegen 0.08/turn               (no ring)

@: hasted, very quick
A: AC +5, unfitting armour, cold-blooded
a: Renounce Religion


You were on level 5 of the Dungeon.
You worshipped Hepliaklqana.
Hepliaklqana was noncommittal.
You visited 1 branch of the dungeon, and saw 1 of its levels.

You collected 16 gold pieces.

Inventory:

Hand Weapons
 a - a +0 hand axe (weapon)
Wands
 f - a wand of digging (3)
Scrolls
 b - a scroll of fog
 c - a scroll of identify {unknown}
 d - a scroll of fear


   Skills:
 + Level 3.5 Fighting
 + Level 2.1 Axes
 + Level 1.9 Dodging
 + Level 5.1 Stealth


You had 2 spell levels left.
You didn't know any spells.
Your spell library was empty.

Dungeon Overview and Level Annotations

Branches:
Dungeon (5/15)
 Temple: D:4-7

Altars:
Hepliaklqana

Shops:
D:5 =


Innate Abilities, Weirdness & Mutations

Your plain brown scales are hard. (AC +5)
You cannot fit into any form of body armour.
You are cold-blooded and may be slowed by cold attacks.


Message History

You kneel at the altar of Hepliaklqana.
Hepliaklqana welcomes you!
There are no items here.
Okay, then.
You hear the slow rusting of a very distant drain.
You hear the slow rusting of a very distant drain.
An ufetubus comes into view.
An ufetubus is nearby!
The ufetubus shouts!
An iguana comes into view.
A scorpion comes into view.
The ufetubus closely misses you. x2
The ufetubus hits you but does no damage. x2
The iguana hisses angrily.
You hit the ufetubus but do no damage.
Your tail-slap misses the ufetubus.
The ufetubus completely misses you. The ufetubus hits you.
The ufetubus barely misses you. The ufetubus hits you.
You closely miss the ufetubus.
The ufetubus hits you but does no damage. x2
The ufetubus closely misses you. The ufetubus barely misses you.
You hit the ufetubus but do no damage. The ufetubus barely misses you.
The ufetubus hits you.
You miss the ufetubus.
Your tail-slap misses the ufetubus.
The ufetubus misses you.
The ufetubus hits you but does no damage. x2
The ufetubus barely misses you. The iguana bites you. The ufetubus hits you.
The ufetubus closely misses you. The ufetubus attacks as you move away!
The ufetubus hits you.
* * * LOW HITPOINT WARNING * * *
The ufetubus closely misses you. The iguana attacks as you move away!
The iguana bites you.
* * * LOW HITPOINT WARNING * * *
The ufetubus closely misses you. The ufetubus misses you.
You completely miss the ufetubus. The ufetubus hits you.
* * * LOW HITPOINT WARNING * * *
The ufetubus misses you.
You feel yourself speed up. The ufetubus hits you.
* * * LOW HITPOINT WARNING * * *
The ufetubus barely misses you. The ufetubus hits you.
You die...

###...#.............
##.#............#####
#....P.....####.#**,,
##.....#....# #...*,,
#.#.#P§§P..## ###.#,,
*#.P.._P§#PP####
*...,
#P.P§§.§§PP...#***#..
#.#.###........** *##
##..@#....$.....* ***
##.#5s...).....***,,
##..#.........*,,,*
####........,*,***
#...)....,,,,,,
#........,,,,,,
#........,,,,,,
#........,,,,,,
*.......,,,,,,,


You could see a scorpion and an ufetubus.

Vanquished Creatures
  A hound (D:5)
1 creature vanquished.

Vanquished Creatures (others)
  8 plants (D:5)
8 creatures vanquished.

Grand Total: 9 creatures vanquished

Notes
Turn   | Place    | Note
-------+----------+-------------------------------------------
     0 | D:5      | Lekart the Draconian Delver began the quest for the Orb.
     0 | D:5      | Reached XP level 1. HP: 19/19 MP: 1/1
     6 | D:5      | Found Zyzef's Jewellery Shop.
    20 | D:5      | Noticed a hound
    35 | D:5      | Killed a hound
    36 | D:5      | Reached skill level 5 in Stealth
    36 | D:5      | Reached XP level 2. HP: 7/26 MP: 2/2
    36 | D:5      | Reached XP level 3. HP: 8/31 MP: 3/3
    72 | D:5      | Found a hazy altar of Hepliaklqana.
    82 | D:5      | Became a worshipper of Hepliaklqana the Forgotten
   159 | D:5      | Noticed a scorpion
   168 | D:5      | Slain by an ufetubus

Illustrated notes

Levels and vault maps discovered:
D:5:      layout_rooms, nicolae_hepliaklqana_hazy_memory,
          gammafunk_temple_overflow_pools, gup_sewer_entry_bowl, serial_shops,
          shop_coins

Skill      XL: |  1 |
---------------+----+-----
Stealth        | 5 |  5.1
Fighting       | |  3.5
Axes           | |  2.1
Dodging        | |  1.9

Action                   || total
-------------------------++-------
Melee: Hand axe          ||    18
       Tailslap          ||     1
  Use: Scroll            ||     1
       Potion            ||     1
Armor: Skin              ||    10
Dodge: Dodged            ||    25

Table legend: (Time is in decaauts)
 A = Elapsed time spent in this place.
 B = Non-inter-level travel time spent in this place.
 C = Inter-level travel time spent in this place.
 D = Time resting spent in this place.
 E = Time spent auto-exploring this place.
 F = Levels seen in this place.
 G = Mean time per level.
                   A        B        C        D        E       F      G
               +--------+--------+--------+--------+--------+-----+--------+
         Total |    171 |    171 |      0 |     10 |     73 |   1 |  171.0 |
       Dungeon |    171 |    171 |      0 |     10 |     73 |   1 |  171.0 |
               +--------+--------+--------+--------+--------+-----+--------+

Top non-repeatable levels by time:
     D:5: 171 daAuts
